 Dungeon Crawl Stone Soup version 0.29-a0-830-gcb1280458a (webtiles) character file.

Game seed: 2167075604251025109

1884 Bnni the Skirmisher (level 8, -2/65 HPs)
             Began as a Demonspawn Hunter on July 12, 2022.
             Was a Priest of Okawaru.
             Engulfed by a steam dragon's steam (9 damage)
             ... on level 7 of the Dungeon.
             The game lasted 00:13:57 (8450 turns).

Bnni the Skirmisher (Demonspawn Hunter)             Turns: 8450, Time: 00:13:59

Health: -2/65      AC: 10    Str: 12    XL:     8   Next: 92%
Magic:  10/10      EV: 11    Int: 11    God:    Okawaru [***...]
Gold:   298        SH:  0    Dex: 18    Spells: 5/7 levels left

rFire   . . .      SeeInvis .   a - +0 shortbow
rCold   + . .      Faith    .   (shield currently unavailable)
rNeg    . . .      Spirit   .   p - +0 ring mail
rPois   +          Reflect  .   (no helmet)
rElec   .          Harm     .   (no cloak)
rCorr   .          Rampage  .   e - +2 pair of gloves {Stlth+}
Will    .....                   (no boots)
Stlth   ++........              (no amulet)
HPRegen 0.20/turn               i - ring of poison resistance
MPRegen 0.12/turn               z - ring of protection from cold

@: no status effects
A: thin metallic scales 1
a: Renounce Religion, Heroism


You were on level 7 of the Dungeon.
You worshipped Okawaru.
Okawaru was most pleased with you.
You visited 1 branch of the dungeon, and saw 7 of its levels.

You collected 324 gold pieces.
You spent 26 gold pieces at shops.

Inventory:

Hand Weapons
 a - a +0 shortbow (weapon)
 r - a +0 battleaxe of venom
 y - a +2 dagger of freezing
Missiles
 x - 6 poisoned darts
Armour
 e - a +2 pair of gloves of stealth (worn)
 p - a +0 ring mail (worn)
Jewellery
 i - a ring of poison resistance (left hand)
 s - a ring of wizardry
 z - a ring of protection from cold (right hand)
Wands
 t - a wand of flame (16)
 w - a wand of mindburst (6)
Scrolls
 b - 3 scrolls of immolation
 f - 3 scrolls of teleportation
 g - a scroll of enchant weapon {unknown}
 j - 3 scrolls of enchant armour {unknown}
 k - a scroll of amnesia {unknown}
 n - 2 scrolls of fear {unknown}
 q - a scroll of vulnerability {unknown}
 u - a scroll of noise {unknown}
 v - a scroll of magic mapping {unknown}
 A - a scroll of fog {unknown}
Potions
 c - a potion of ambrosia {unknown}
 d - 2 potions of heal wounds
 h - 2 potions of brilliance
 l - 2 potions of curing
 m - a potion of mutation
 o - a potion of attraction


   Skills:
 + Level 6.7 Fighting
 * Level 9.3 Ranged Weapons
 - Level 1.7 Dodging
 - Level 0.8 Stealth
 - Level 3.0 Invocations


You had 5 spell levels left.
You knew the following spells:

 Your Spells              Type           Power      Damage    Failure   Level
b - Blink                 Tloc           0%         N/A       77%         2

Your spell library contained the following spells:

 Spells                   Type           Power      Damage    Failure   Level
 Manifold Assault         Tloc           0%         N/A       100%        5
 Storm Form               Tmut/Air       0%         N/A       100%        7
 Borgnjor's Revivificati  Necr           0%         N/A       100%        8
 Necromutation            Tmut/Necr      0%         N/A       100%        8
 Death's Door             Necr           0%         N/A       100%        9


Dungeon Overview and Level Annotations

Branches:
Dungeon (7/15)             Temple (0/1) D:4

Altars:
Dithmenos
Fedhas
Nemelex Xobeh
Okawaru

Shops:
D:1 *   D:6 !

Annotations:
D:6 2 runed translucent doors, capka3m's ghost, novice MeEE


Innate Abilities, Weirdness & Mutations

You are partially covered in thin metallic scales. (AC +2)


Message History

The steam dragon is almost dead.
The steam dragon breathes steam at you. The ball of steam hits you!
You are too injured to fight recklessly!
The steam dragon bites you but does no damage.
The steam dragon claws you but does no damage.
You are too injured to fight recklessly!
You are too injured to fight recklessly!
Fire: a) +0 shortbow
Press: ? - help, Q - select action, (/) - cycle Shift-Dir - straight line, f/p - steam dragon
Aim: a steam dragon (almost dead, catching its breath, 68% to hit)
You shoot an arrow.
The arrow barely misses the steam dragon.
The steam dragon bites you.
The steam dragon claws you but does no damage.
The steam dragon bites you.
The steam dragon claws you but does no damage.
Fire: a) +0 shortbow
Press: ? - help, Q - select action, (/) - cycle Shift-Dir - straight line, f/p - steam dragon
Aim: a steam dragon (almost dead, 68% to hit)
You shoot an arrow.
The arrow closely misses the steam dragon.
The steam dragon bites you.
The steam dragon claws you but does no damage.
Fire: a) +0 shortbow
Press: ? - help, Q - select action, (/) - cycle Shift-Dir - straight line, f/p - steam dragon
Aim: a steam dragon (almost dead, 68% to hit)
You shoot an arrow.
The arrow hits the steam dragon but does no damage.
The steam dragon is almost dead.
The steam dragon breathes steam at you. The ball of steam hits you!
* * * LOW HITPOINT WARNING * * *
Fire: a) +0 shortbow
Press: ? - help, Q - select action, (/) - cycle Shift-Dir - straight line, f/p - steam dragon
Aim: a steam dragon (almost dead, catching its breath, 68% to hit)
You shoot an arrow.
The arrow barely misses the steam dragon.
You are engulfed in a cloud of scalding steam.
You die...

#######
#.....#
#.....#
#.....# .....
## ## ... .#
#.##.###.#
#####§#@.#..#
..§.§...D...#
####§##.)...#
#........####
#.##.........
# #.##..####
#.##.##..#
#........#
####.##### ##


You could see a steam dragon (catching breath).

Vanquished Creatures
  A black bear (D:4)
  An ogre (D:5)
  6 centaurs (D:6)
  2 bullfrogs
  A necrophage (D:5)
  2 scorpions (D:6)
  5 wights (D:6)
  A howler monkey (D:5)
  A jelly (D:5)
  A gnoll bouda (D:4)
  2 hounds
  An orc priest (D:6)
  3 orc wizards
  5 iguanas
  7 adders
  7 gnolls
  A white imp (D:6)
  3 ufetubi
  4 worms
  2 dart slugs (D:1)
  12 orcs
  8 ball pythons
  7 endoplasms
  4 giant cockroaches
  3 goblins
  5 hobgoblins
  8 jackals
  4 quokkas
  7 bats
  3 frilled lizards (D:1)
  8 kobolds
  6 rats
131 creatures vanquished.

Vanquished Creatures (others)
  An orc (D:7)
1 creature vanquished.

Grand Total: 132 creatures vanquished

Notes
Turn   | Place    | Note
-------+----------+-------------------------------------------
     0 | D:1      | Bnni the Demonspawn Hunter began the quest for the Orb.
     0 | D:1      | Reached XP level 1. HP: 16/16 MP: 1/1
   106 | D:1      | Gained mutation: You are partially covered in thin metallic
                  | scales. (AC +2) [demonic ancestry]
   106 | D:1      | Reached XP level 2. HP: 22/22 MP: 2/2
   122 | D:1      | Reached skill level 4 in Ranged Weapons
   416 | D:1      | Reached XP level 3. HP: 28/28 MP: 3/3
   627 | D:1      | Found Joly's General Store.
   637 | D:1      | Bought a scroll of identify for 26 gold pieces
  1604 | D:2      | Reached XP level 4. HP: 32/34 MP: 4/4
  1698 | D:2      | Found a faded altar of an unknown god.
  2289 | D:2      | Reached skill level 5 in Ranged Weapons
  2565 | D:3      | Learned a level 2 spell: Blink
  2656 | D:3      | You fall into a shaft and drop 2 floors!
  2656 | D:5      | Entered Level 5 of the Dungeon
  2866 | D:3      | Found an iron altar of Okawaru.
  2875 | D:3      | Became a worshipper of Warmaster Okawaru
  3478 | D:4      | Reached XP level 5. HP: 41/41 MP: 5/5
  3848 | D:4      | Noticed a black bear
  3910 | D:4      | Found a staircase to the Ecumenical Temple.
  3955 | D:4      | Killed a black bear
  3956 | D:4      | Reached XP level 6. HP: 48/48 MP: 6/6
  4356 | D:4      | Reached skill level 6 in Ranged Weapons
  4914 | D:5      | Reached * piety under Okawaru
  4946 | D:5      | Found a blossoming altar of Fedhas.
  4951 | D:5      | Found a sparkling altar of Nemelex Xobeh.
  5194 | D:5      | Reached XP level 7. HP: 51/55 MP: 7/7
  5395 | D:5      | Reached skill level 5 in Fighting
  5395 | D:5      | Reached skill level 7 in Ranged Weapons
  6082 | D:6      | Reached ** piety under Okawaru
  6514 | D:6      | Reached XP level 8. HP: 44/63 MP: 8/8
  6640 | D:6      | Reached skill level 8 in Ranged Weapons
  6669 | D:6      | Reached skill level 1 in Invocations
  6701 | D:6      | Found a large runed translucent door.
  6702 | D:6      | Found a large runed translucent door.
  6705 | D:6      | Noticed capka3m's ghost (novice MeEE)
  7033 | D:6      | Found Painoaco's Distillery.
  7734 | D:6      | Reached *** piety under Okawaru
  7735 | D:6      | Reached skill level 9 in Ranged Weapons
  8329 | D:7      | Found a shadowy altar of Dithmenos.
  8450 | D:7      | Engulfed by a steam dragon's steam

Illustrated notes

Levels and vault maps discovered:
D:1:      erik_arrival_triangle_small, layout_loops_cross, serial_shops,
          nicolae_lakefront_shop, st_stairs_12, amcnicky_mini_pool_small,
          hangedman_decor_clover_reticule, minmay_small_reverse_x
D:2:      layout_loops_corners, basic_altar, ebering_ecumenical_altar_hall,
          chequers_serial_rivers_micro_a
D:3:      layout_basic, old_standard_altar
D:4:      layout_basic, minmay_temple_entry_stoned_glass
D:5:      layout_rooms, mainiacjoe_overflow_big_doors, hangedman_decor_opposing
D:6:      nicolae_whirlpool, layout_gridville, serial_shops,
          nicolae_shop_crystal, ebering_ghost_disaster_area,
          minmay_strange_pillars
D:7:      layout_loops_cross, nicolae_dithmenos_through_a_glass_darkly

Skill      XL: |  1  2  3  4  5  6  7  8 |
---------------+-------------------------+-----
Ranged Weapons | 4 5 6 7 9 |  9.3
Fighting       | 3 4 5 6 |  6.7
Invocations    | 3 |  3.0
Dodging        | |  1.7
Stealth        | |  0.8

Action                   |  1- 3 |  4- 6 |  7- 9 || total
-------------------------+-------+-------+-------++-------
Melee: Unarmed           |       |    27 |     7 ||    34
       Punch             |       |     1 |       ||     1
 Fire: Shortbow          |   134 |   210 |   271 ||   615
Invok: Heroism           |       |       |     3 ||     3
  Use: Scroll            |     2 |     3 |     2 ||     7
       Potion            |       |     2 |     3 ||     5
Armor: Leather armour    |    18 |    40 |    46 ||   104
       Skin              |       |    46 |    10 ||    56
       Ring mail         |       |       |    12 ||    12
Dodge: Dodged            |    33 |   118 |   119 ||   270

Table legend: (Time is in decaauts)
 A = Elapsed time spent in this place.
 B = Non-inter-level travel time spent in this place.
 C = Inter-level travel time spent in this place.
 D = Time resting spent in this place.
 E = Time spent auto-exploring this place.
 F = Levels seen in this place.
 G = Mean time per level.
                   A        B        C        D        E       F      G
               +--------+--------+--------+--------+--------+-----+--------+
         Total |   8589 |   8328 |    261 |   2249 |   4836 |   7 | 1227.0 |
       Dungeon |   8589 |   8328 |    261 |   2249 |   4836 |   7 | 1227.0 |
               +--------+--------+--------+--------+--------+-----+--------+

Top non-repeatable levels by time:
     D:6: 2114 daAuts
     D:2: 1641 daAuts
     D:4: 1451 daAuts
     D:5: 1316 daAuts
     D:3: 1007 daAuts
     D:1: 855 daAuts
     D:7: 203 daAuts
